Map: Frozen Temple

Players

MystiC

  • Race: Terran Terran
  • League: Master

LiquidTLO (TLO) - Winner!

  • Race: Zerg Zerg
  • League: Grandmaster

VOD

Have the link to the VOD?

Description

Time

  • Played on: July 6, 2016, 12:36 p.m.
  • Length: 9:15
Show
View Real Time Build Order
Export as new Build Order

MystiC Terran 

Build Orders: Liberator Opening, Reaper Expand, MMM Bio 

Get SALT Encoding   

  12  0:00  SCV  
  13  0:13  SCV  
  14  0:18  Supply Depot  
  14  0:25  SCV  
  15  0:39  SCV  
  15  0:41  Barracks  
  16  0:44  Refinery  
  16  0:51  SCV  
  17  1:03  SCV  
  18  1:16  SCV  
  19  1:29  Reaper, Orbital Command  
  20  1:44  Command Center  
  20  1:54  Supply Depot  
  20  1:55  SCV  
  21  2:02  Marine  
  21  2:07  SCV  
  23  2:11  Factory  
  23  2:17  Refinery  
  23  2:19  SCV  
  23  2:22  Barracks Reactor  
  24  2:31  SCV  
  25  2:43  SCV  
  26  2:55  SCV, Factory Tech Lab  
  26  2:56  Orbital Command  
  26  2:57  Starport  
  27  3:01  Marine  
  27  3:03  Bunker  
  27  3:04  Marine  
  29  3:07  SCV  
  30  3:14  Widow Mine  
  30  3:19  Marine, SCV  
  34  3:21  Marine  
  34  3:24  SCV  
  36  3:32  SCV  
  37  3:34  Supply Depot  
  37  3:36  Marine  
  37  3:37  Medivac  
  37  3:39  Marine  
  37  3:41  SCV  
  42  3:46  Siege Tank  
  45  3:52  Supply Depot  
  45  3:54  SCV  
  46  3:56  SCV, Liberator  
  46  3:57  Marine  
  46  3:58  Marine  
  49  4:06  SCV  
  49  4:08  SCV  
  53  4:20  Command Center  
  53  4:25  SCV  
  53  4:30  SCV  
  54  4:39  Marine  
  54  4:40  Stimpack  
  54  4:42  Factory Reactor  
  54  4:44  Barracks  
  55  4:48  Barracks  
  55  4:49  SCV  
  55  4:51  Engineering Bay  
  55  4:52  Engineering Bay  
  56  4:55  Supply Depot, SCV  
  56  4:58  Starport Reactor  
  57  5:03  Marine  
  56  5:09  SCV x2  
  56  5:11  Refinery  
  56  5:12  Refinery  
  56  5:13  Supply Depot  
  58  5:21  Marine, SCV  
  59  5:26  SCV  
  59  5:27  Terran Infantry Armor Level 1  
  61  5:29  Terran Infantry Weapons Level 1  
  61  5:33  SCV  
  62  5:38  SCV  
  62  5:39  Marine, Orbital Command  
  64  5:47  SCV  
  64  5:48  Marine x4  
  69  5:50  SCV  
  69  5:51  Medivac  
  69  5:52  Supply Depot  
  69  5:53  Factory Reactor  
  69  5:56  Marine  
  73  6:00  Orbital Command  
  73  6:03  SCV x2  
  75  6:06  Marine x2  
  75  6:09  Supply Depot  
  77  6:12  Marine x2  
  77  6:13  Medivac  
  77  6:14  Marine  
  77  6:15  SCV  
  77  6:17  SCV  
  81  6:24  Marine x2  
  81  6:25  Barracks, SCV  
  83  6:27  SCV  
  83  6:29  SCV  
  83  6:30  Marine  
  83  6:31  Widow Mine x2  
  91  6:38  Barracks, SCV  
  91  6:39  SCV  
  93  6:40  Marine  
  93  6:43  Marine x2  
  93  6:44  SCV  
  97  6:47  Combat Shields  
  97  6:50  SCV  
  98  6:56  Marine  
  98  6:57  Marine  
  98  6:58  Marine, Medivac  
  98  6:59  Widow Mine  
  98  7:01  Marine x2, Orbital Command  
  104  7:14  Marine x2  
  104  7:15  Medivac  
  106  7:16  Marine  
  106  7:18  Marine  
  106  7:19  Marine  
  84  7:30  Barracks Reactor  
  84  7:31  Barracks Reactor  
  84  7:32  Marine, Hellion x2  
  84  7:35  Bunker, Armory  
  84  7:36  Marine x2  
  90  7:43  Marine x2  
  86  7:44  Medivac  
  86  7:46  Orbital Command  
  86  7:50  Marine  
  85  7:52  Widow Mine x2  
  85  7:53  Marine  
  85  7:54  Marine  
  88  8:01  Marine x2  
  90  8:06  Marine  
  90  8:07  Marine  
  90  8:08  Marine  
  90  8:10  Marine x2  
  90  8:11  Marine x2  
  90  8:12  SCV x2  
  99  8:13  SCV  
  99  8:18  Marine  
  99  8:19  Supply Depot, Marine  
  102  8:24  Marine x2  
  102  8:26  Marine  
  105  8:28  Marine x2  
  105  8:29  Marine x2  
  109  8:40  Marine x2  
  111  8:42  Marine x2  
  111  8:44  Hellion, Medivac  
  111  8:46  Supply Depot  
  117  9:08  Barracks x2  
  125  9:11  Barracks  
Show
View Real Time Build Order
Export as new Build Order

LiquidTLO Zerg - Winner!

Build Orders: Hatch First 

Get SALT Encoding   

  12  0:01  Drone  
  13  0:14  Overlord  
  13  0:17  Drone  
  14  0:32  Drone  
  14  0:33  Drone  
  16  0:37  Drone  
  17  0:52  Hatchery  
  16  0:58  Drone  
  16  1:00  Drone  
  16  1:02  Extractor  
  17  1:14  Spawning Pool  
  17  1:16  Drone  
  17  1:20  Drone  
  18  1:31  Drone  
  19  1:40  Overlord  
  19  2:00  Queen  
  21  2:01  Zergling x2  
  21  2:02  Zergling x2  
  21  2:04  Metabolic Boost, Queen  
  25  2:10  Drone  
  26  2:15  Drone  
  27  2:29  Drone x2  
  29  2:30  Drone  
  29  2:36  Queen  
  32  2:37  Overlord  
  32  2:41  Drone  
  33  2:45  Drone  
  34  2:56  Hatchery  
  34  2:57  Drone  
  34  3:00  Drone  
  34  3:01  Drone  
  36  3:10  Overlord  
  36  3:11  Drone x2  
  36  3:12  Drone  
  39  3:15  Drone  
  39  3:18  Drone x2  
  42  3:24  Queen  
  44  3:29  Drone  
  44  3:33  Overlord  
  44  3:34  Extractor  
  44  3:36  Drone x2  
  44  3:37  Drone  
  47  3:42  Drone  
  47  3:45  Overlord, Drone  
  47  3:46  Drone  
  47  3:48  Zergling x2  
  51  3:51  Evolution Chamber  
  50  4:00  Drone, Evolution Chamber  
  50  4:04  Drone  
  50  4:07  Drone  
  50  4:08  Queen  
  50  4:09  Drone  
  55  4:13  Zergling x2  
  55  4:14  Zergling x2  
  55  4:15  Zergling x4  
  59  4:17  Drone  
  59  4:18  Drone  
  59  4:22  Spore Crawler  
  59  4:23  Drone  
  61  4:24  Drone  
  61  4:25  Drone x2  
  61  4:27  Drone  
  61  4:30  Zergling x2  
  65  4:33  Spore Crawler  
  65  4:35  Zergling x2  
  62  4:41  Spore Crawler, Drone  
  62  4:44  Zerg Ground Armor Level 1  
  62  4:45  Zerg Melee Weapons Level 1  
  62  4:46  Drone  
  62  4:48  Drone  
  62  4:50  Drone  
  62  4:52  Drone  
  66  5:01  Overlord  
  66  5:03  Overlord  
  66  5:07  Overlord  
  66  5:09  Lair  
  66  5:20  Drone x5, Hatchery  
  66  5:21  Drone  
  71  5:22  Zergling x2  
  71  5:25  Drone  
  71  5:26  Drone  
  71  5:27  Zergling x4  
  76  5:29  Zergling x2  
  76  5:31  Hatchery  
  76  5:32  Zergling x2  
  76  5:33  Zergling x2  
  79  5:36  Zergling x2  
  79  5:40  Extractor  
  80  5:43  Zergling x2, Spore Crawler  
  80  5:44  Zergling x6  
  80  5:45  Zergling x2  
  80  5:47  Drone  
  80  5:48  Zergling x2  
  80  5:49  Drone  
  86  5:53  Drone  
  86  5:56  Baneling Nest  
  86  6:00  Drone  
  86  6:02  Drone x3  
  90  6:12  Overlord, Infestation Pit  
  90  6:13  Drone  
  90  6:15  Overlord  
  90  6:16  Overlord  
  89  6:21  Extractor, Drone  
  89  6:22  Extractor  
  89  6:25  Overlord, Extractor  
  87  6:26  Overlord, Drone  
  87  6:27  Zergling x2  
  87  6:28  Zergling x2  
  87  6:30  Overlord  
  90  6:39  Overlord  
  90  6:41  Zerg Ground Armor Level 2, Centrifical Hooks  
  90  6:44  Drone x6  
  90  6:46  Drone  
  97  6:47  Drone  
  97  6:51  Drone  
  97  6:53  Zergling x2  
  97  6:54  Overlord, Zergling x2  
  100  6:55  Zerg Melee Weapons Level 2  
  100  6:57  Zergling x8  
  100  6:58  Baneling  
  100  6:59  Baneling  
  100  7:00  Zergling x2  
  105  7:05  Overlord  
  105  7:06  Zergling x2  
  106  7:09  Zergling x2  
  106  7:10  Zergling x4  
  106  7:11  Zergling x2  
  106  7:12  Zergling x2  
  106  7:15  Zergling x2  
  105  7:16  Zergling x2  
  105  7:18  Zergling x2  
  105  7:21  Zergling x2  
  101  7:23  Zergling x6  
  101  7:24  Zergling x2  
  101  7:29  Pathogen Glands  
  105  7:30  Drone  
  105  7:32  Drone  
  105  7:33  Zergling x2  
  105  7:34  Drone  
  105  7:35  Drone  
  110  7:40  Drone x2  
  101  7:44  Zergling x2  
  101  7:45  Zergling x2  
  101  7:48  Zergling x2  
  101  7:49  Zergling x2  
  101  7:50  Zergling x6  
  98  7:53  Zergling x2  
  98  7:56  Zergling x2  
  98  7:57  Hive, Infestor x2  
  102  7:59  Infestor  
  102  8:04  Burrow  
  100  8:06  Infestor  
  100  8:10  Drone  
  102  8:19  Zergling x4, Drone x2  
  106  8:22  Extractor x2  
  106  8:23  Drone x3  
  106  8:24  Drone x4, Spine Crawler  
  106  8:25  Spine Crawler x2  
  108  8:29  Zergling x2  
  108  8:30  Zergling x2  
  108  8:31  Zergling x2  
  108  8:32  Zergling x2, Pneumatized Carapace  
  112  8:36  Drone  
  111  8:42  Zergling x2  
  111  8:46  Spore Crawler  
  111  8:47  Zergling x6  
  111  8:48  Spore Crawler  
  113  8:49  Zergling x4  
  113  8:51  Zergling x2  
  113  8:52  Baneling x4  
  113  8:53  Baneling  
  118  8:58  Zergling x2  
  118  9:01  Baneling x16  
Tags
 
Add a new tag
Caveats
  • Supply blocks, unpowered buildings, or Contaminate may cause inaccurate times.
  • Supply counts are checked every 10 seconds.